 Dungeon Crawl Stone Soup version 0.17-a0-1409-ge6d9485 (webtiles) character file.

21827 wvc the Severer (level 12, -44/100 HPs)
             Began as a Centaur Wanderer on June 22, 2015.
             Was the Champion of Cheibriados.
             Killed from afar by a frost giant (47 damage)
             ... with a bolt of cold
             ... in an ice cave.
             The game lasted 00:36:13 (14519 turns).

wvc the Severer (Centaur Wanderer)                 Turns: 14519, Time: 00:36:15

Health: -44/100    AC: 17    Str: 36    XL:     12   Next: 57%
Magic:  13/13      EV: 17    Int: 26    God:    Cheibriados [******]
Gold:   198        SH:  0    Dex: 35    Spells: 1 memorised, 10 levels left

rFire  + . .     SeeInvis .     P - +4 executioner's axe (venom)
rCold  . . .     Clarity  .     a - +2 scale mail
rNeg   . . .     SustAt   .     (no shield)
rPois  .         Gourm    .     p - +1 helmet
rElec  .         Spirit   .     (no cloak)
rCorr  .         Warding  .     (no gloves)
rMut   .         Stasis   .     H - +0 centaur barding
MR     .....                    (no amulet)
Stlth  ++........               S - +2 ring of dexterity
                                b - ring of protection from fire

@: mighty, agile, very slightly contaminated, invisible, very slow, not
resistant to hostile enchantments, unstealthy
A: hooves 3, deformed body, speed 2, tough skin 3
a: Bend Time, Temporal Distortion, Slouch, Step From Time, Renounce Religion


You were in an ice cave.
You worshipped Cheibriados.
Cheibriados was exalted by your worship.
You were not hungry.

You visited 2 branches of the dungeon, and saw 14 of its levels.
You also visited: Ice Cave.

You collected 1024 gold pieces.
You spent 826 gold pieces at shops.

Inventory:

Hand weapons
 s - the +0 war axe "Araca" {venom, rElec}
   (You took it off a gnoll on level 4 of the Dungeon)

   It poisons the flesh of those it strikes.
   It insulates you from electricity.
 x - a +0 hand axe of electrocution
 E - a +0 blowgun
 P - a +4 executioner's axe of venom (weapon)
Missiles
 o - 31 poisoned needles
 F - 2 throwing nets (quivered)
Armour
 a - a +2 scale mail (worn)
 p - a +1 helmet (worn)
 D - a +0 shield
 H - a +0 centaur barding (worn)
Jewellery
 b - a ring of protection from fire (left hand)
 f - an uncursed amulet of stasis
 S - a +2 ring of dexterity (right hand)
Magical devices
 u - a wand of disintegration (12)
 v - a wand of frost (32)
 y - a wand of flame (27)
 G - a wand of teleportation (5)
 J - a wand of disintegration (1)
 L - a wand of cold (5)
 M - a wand of fire (2)
 N - a wand of lightning (8)
 O - a wand of fireball (10)
Scrolls
 c - 8 scrolls of teleportation
 e - 3 scrolls of fog
 h - 4 scrolls of amnesia
 i - 3 scrolls of magic mapping
 k - a scroll of blinking
 m - 10 scrolls of remove curse
 A - a scroll of recharging
 I - 2 scrolls of identify
 Q - 2 scrolls of immolation
Potions
 l - 2 potions of brilliance
 r - 9 potions of curing
 w - a potion of magic
 B - a potion of flight
 C - a potion of cancellation
 T - a potion of ambrosia
Miscellaneous
 U - a box of beasts {used: 7}
Comestibles
 d - 7 bread rations
 j - 5 meat rations
 n - 5 fruits
 q - a beef jerky
 z - 7 slices of pizza
 K - a chunk of flesh


   Skills:
 + Level 7.0 Fighting
 * Level 15.5 Axes
 + Level 6.2 Armour
 + Level 5.2 Dodging
 - Level 1.3 Shields
 + Level 1.8 Evocations


You had 10 spell levels left.
You knew the following spells:

 Your Spells              Type           Power        Failure   Level  Hunger
a - Summon Butterflies    Summ           #.......     21%         1    ##.....


Dungeon Overview and Level Annotations

Branches:
Dungeon (11/15)            Temple (0/1) D:7            Lair (3/8) D:8
    Orc (0/4) D:9
  Swamp: Lair:3-6    Shoals: Lair:3-6     Snake: Lair:3-6    Spider: Lair:3-6

Altars:
Ashenzari
Cheibriados
Dithmenos
Gozag
Nemelex Xobeh
Qazlal
Ru
Sif Muna
Vehumet
Xom

Shops:
D:7 }(}:*   D:10 *!*

Annotations:
D:6 exclusion: statue


Innate Abilities, Weirdness & Mutations

You have hooves in place of feet.
Armour fits poorly on your strangely shaped body.
You cover ground very quickly.
You have extremely tough skin (AC +3).


Message History

The polar bear is almost dead.
You slash the frost giant! Your kick misses the frost giant.
The frost giant is lightly wounded.
The frost giant hits you with a battleaxe of freezing.
The frost giant freezes you.
You slice the frost giant!!
The frost giant is poisoned.
You kick the frost giant.
The frost giant is heavily wounded.
You hear a bellow!
The frost giant points at you and mumbles some strange words.
The bolt of cold hits you!
* * * LOW HITPOINT WARNING * * *
The polar bear growls angrily.
You completely miss the frost giant. You kick the frost giant!
The frost giant is heavily wounded.
You kill the polar bear!
Cheibriados appreciates the change of pace.
The frost giant casts a spell at you. The bolt of cold hits you!
You die...

#.###..####.##
##..#
#..###⌠.#
#..###..##
##.##...#
##..#...#
#...#..#
#.....##
##..#.##
##....#
#####.##
##..## ##Y##.#
#..# #YC#.##
#.####
#..Y...#@##
##.#.##
[$#.YYY#.#
##.#.#
#...#### ##.##
##.# ### ##


You could see a frost giant, a death yak and a yak.

Vanquished Creatures
  Erica (D:8)
  A hydra (Lair:2)
  A death yak (IceCv)
  An ice statue (IceCv)
  Pikel (D:6)
  Joseph (D:9)
  Psyche (D:9)
  4 spiny frogs
  A komodo dragon (Lair:2)
  A troll (D:11)
  15 polar bears (IceCv)
  2 two-headed ogres
  Sigmund (D:4)
  A human (D:7)
  A deep elf fighter (D:8)
  A hungry ghost (D:10)
  18 yaks
  A hippogriff (Lair:2)
  A wyvern (Lair:2)
  23 wolves
  6 water moccasins
  5 porcupines
  4 slaves (D:6)
  2 phantoms
  11 ice beasts
  A sky beast (D:5)
  2 necrophages
  6 ogres
  2 centaurs
  An orc warrior (D:7)
  2 big kobolds (D:7)
  2 crocodiles
  2 gnoll sergeants (D:7)
  11 giant frogs
  A scorpion (D:9)
  3 killer bees (D:8)
  4 crimson imps
  A wasp zombie (D:5)
  A quasit (D:10)
  10 orc wizards
  4 centaur skeletons
  A centaur zombie (D:7)
  5 orc priests
  2 jellies (D:9)
  10 iguanas
  9 hounds
  13 worker ants
  4 sheep (D:7)
  A hound zombie (D:10)
  Robin (D:3)
  A worker ant zombie (D:8)
  12 adders
  15 gnolls
  A river rat (D:8)
  2 shadow imps
  2 oozes (D:1)
  An adder skeleton (D:7)
  3 giant geckos
  26 orcs
  A ball python (D:4)
  27 bats
  8 giant cockroaches
  26 goblins
  20 hobgoblins
  14 jackals
  15 kobolds
  4 quokkas
  6 giant newts
  A quokka skeleton (D:4)
  20 rats
  4 fungi
  A plant (D:11)
414 creatures vanquished.

Vanquished Creatures (collateral kills)
  A hydra (Lair:2)
1 creature vanquished.

Grand Total: 415 creatures vanquished

Notes
Turn   | Place    | Note
--------------------------------------------------------------
     0 | D:1      | wvc the Centaur Wanderer began the quest for the Orb.
     0 | D:1      | wvc set off with: a +2 scale mail, a +0 hand axe, a scroll of teleportation, a bread ration
     0 | D:1      | Reached XP level 1. HP: 19/19 MP: 1/1
   119 | D:1      | Reached skill level 1 in Axes
   141 | D:1      | Reached XP level 2. HP: 26/26 MP: 2/2
   152 | D:1      | Found a snail-covered altar of Cheibriados.
   157 | D:1      | Became a worshipper of Cheibriados the Contemplative
   460 | D:1      | Reached XP level 3. HP: 28/31 MP: 3/3
   945 | D:2      | Found a shattered altar of Ashenzari.
  1091 | D:2      | Found a deep blue altar of Sif Muna.
  1152 | D:3      | Acquired Cheibriados's first power
  1152 | D:3      | Reached skill level 1 in Dodging
  1159 | D:3      | Reached XP level 4. HP: 34/38 MP: 4/4
  1650 | D:3      | HP: 1/38 [poisoned by a worker ant]
  1976 | D:3      | Reached XP level 5. HP: 41/45 MP: 5/5
  2006 | D:3      | Found an opulent altar of Gozag.
  2151 | D:3      | Found a faded altar to an unknown god.
  2296 | D:3      | Found a stormy altar of Qazlal.
  2336 | D:3      | Noticed Robin
  2349 | D:3      | Killed Robin
  2947 | D:4      | Reached skill level 4 in Axes
  2958 | D:4      | Got a warped war axe {venom}
  2959 | D:4      | Identified the +0 war axe "Araca" {venom, rElec} (You took it off a gnoll on level 4 of the Dungeon)
  3005 | D:4      | Noticed Sigmund
  3020 | D:4      | Killed Sigmund
  3020 | D:4      | Reached skill level 5 in Axes
  3020 | D:4      | Reached XP level 6. HP: 51/51 MP: 6/6
  3047 | D:4      | Acquired Cheibriados's second power
  3156 | D:4      | Reached skill level 6 in Axes
  3156 | D:4      | Reached XP level 7. HP: 50/57 MP: 7/7
  3264 | D:5      | Entered Level 5 of the Dungeon
  3414 | D:5      | Found a sparkling altar of Nemelex Xobeh.
  3608 | D:5      | Reached skill level 7 in Axes
  3911 | D:5      | Reached skill level 8 in Axes
  3911 | D:5      | Reached XP level 8. HP: 46/63 MP: 8/8
  4014 | D:5      | Found a sacrificial altar of Ru.
  4320 | D:5      | Acquired Cheibriados's third power
  4562 | D:6      | Reached skill level 9 in Axes
  4681 | D:6      | Noticed Pikel
  5098 | D:6      | Found a radiant altar of Vehumet.
  5210 | D:6      | Killed Pikel
  5210 | D:6      | Reached skill level 10 in Axes
  5210 | D:6      | Reached XP level 9. HP: 66/69 MP: 9/9
  5291 | D:6      | Found a shadowy altar of Dithmenos.
  5559 | D:7      | Found Ratanyc's Gadget Shoppe.
  5569 | D:7      | Acquired Cheibriados's fourth power
  5582 | D:7      | Found Famov's Book Shop.
  5795 | D:7      | Reached skill level 11 in Axes
  5799 | D:7      | Found Sughoaha's Assorted Antiques.
  5802 | D:7      | Bought an inky potion for 25 gold pieces
  5802 | D:7      | Bought a curved gold wand for 112 gold pieces
  5802 | D:7      | Bought a scroll of identify for 56 gold pieces
  5802 | D:7      | Bought a scroll of remove curse for 84 gold pieces
  5832 | D:7      | Found a staircase to the Ecumenical Temple.
  6148 | D:7      | Found Kenked's Gadget Shoppe.
  6449 | D:7      | Found Quwoh's Weapon Shop.
  6893 | D:7      | Reached skill level 12 in Axes
  7420 | D:7      | Bought a wand of teleportation (5) for 351 gold pieces
  7503 | D:8      | Reached XP level 10. HP: 77/77 MP: 10/10
  7682 | D:8      | Found a staircase to the Lair.
  8237 | D:8      | Noticed Erica
  8247 | D:8      | Killed Erica
  8247 | D:8      | Reached skill level 13 in Axes
  8534 | D:9      | Found a staircase to the Orcish Mines.
  8541 | D:9      | Noticed Joseph
  8563 | D:9      | Killed Joseph
  8938 | D:9      | Identified a scroll of acquirement
  8960 | D:9      | Found a shimmering altar of Xom.
  8960 | D:9      | Found a shimmering altar of Xom.
  8961 | D:9      | Found a shimmering altar of Xom.
  8968 | D:9      | Found a shimmering altar of Xom.
  8968 | D:9      | Found a shimmering altar of Xom.
  9117 | D:9      | Noticed Psyche
  9123 | D:9      | Killed Psyche
  9478 | D:10     | Entered Level 10 of the Dungeon
  9505 | D:10     | Found Toirr's Assorted Antiques.
  9514 | D:10     | Bought a scroll of identify for 54 gold pieces
  9531 | D:10     | Found Lamut's Assorted Antiques.
  9830 | D:10     | Reached XP level 11. HP: 84/84 MP: 11/11
  9925 | D:10     | Found Obbi's Distillery.
  9938 | D:10     | Bought a potion of curing for 48 gold pieces
  9938 | D:10     | Bought a potion of curing for 48 gold pieces
  9938 | D:10     | Bought a potion of curing for 48 gold pieces
 10197 | D:11     | Noticed a hill giant
 10294 | Lair:1   | Entered Level 1 of the Lair of Beasts
 10526 | Lair:1   | Reached skill level 5 in Armour
 10526 | Lair:1   | Reached skill level 14 in Axes
 11403 | Lair:1   | Found a sparkling altar of Nemelex Xobeh.
 11705 | Lair:2   | Reached skill level 5 in Fighting
 12574 | Lair:2   | Learned a level 1 spell: Summon Butterflies
 12723 | Lair:2   | Noticed a four-headed hydra
 12732 | Lair:2   | Killed a four-headed hydra
 13170 | Lair:2   | Noticed a six-headed hydra
 13177 | Lair:2   | Killed a six-headed hydra
 13224 | Lair:3   | Found a frozen archway.
 13324 | Lair:3   | Reached skill level 1 in Evocations
 13330 | IceCv    | Entered an ice cave
 13738 | IceCv    | Reached XP level 12. HP: 96/96 MP: 11/13
 14007 | IceCv    | Reached skill level 15 in Axes
 14038 | IceCv    | Reached skill level 5 in Dodging
 14070 | IceCv    | Noticed an ice statue
 14134 | IceCv    | Killed an ice statue
 14176 | IceCv    | Noticed a death yak
 14190 | IceCv    | Killed a death yak
 14511 | IceCv    | Noticed a frost giant
 14511 | IceCv    | Noticed a death yak
 14518 | IceCv    | HP: 2/100 [frost giant/bolt of cold (38)]
 14519 | IceCv    | Killed from afar by a frost giant

Vault maps used:
D:1:      ncdulo_watergridlock, st_stairs_14, minmay_misc_feat_tiny,
          cheibriados_altar_1
D:2:      nicolae_ashenzari_panopticon, led_sif_pool
D:3:      nicolae_overflow_crystal_walls, ecumenical_altar_1,
          grunt_gozag_breadcrumbs, uniq_robin
D:4:      uniq_sigmund
D:5:      nicolae_ru_awakened_eye, nemelex_xobeh_ov_fountains_minmay,
          first_bread, columned_hall_lemuel
D:6:      vehumet_statue, grunt_dithmenos_smoke, uniq_pikel
D:7:      kennysheep_housing_project, minmay_temple_entry_from_below_a,
          serial_shops, nicolae_shop_behind_doors, nicolae_shop_trees, shop,
          nicolae_shop_behind_doors, shop, grunt_livestock,
          kennysheep_generic_room_6
D:8:      grunt_lair_entry_elf_guard_hut, uniq_erica
D:9:      xom_redecorated, orc_0_dummy, uniq_psyche, uniq_joseph
D:10:     serial_shops, shop, nicolae_shop_trees,
          nicolae_shop_overgrown_old_shop
D:11:     giant_chief_lemuel
Lair:1:   basic_altar
Lair:2:   st_stairs_6
Lair:3:   dummy_spider_entry, portal_ice_cave_entry_ice_beasts,
          lemuel_fruit_fields, uniq_harold, uniq_gastronok
IceCv:    ice_cave_caverns_01

Action                   |  1- 3 |  4- 6 |  7- 9 | 10-12 || total
-------------------------+-------+-------+-------+-------++-------
Melee: Hand axe          |   120 |   162 |       |       ||   282
       War axe           |       |    36 |   347 |   112 ||   495
       Executioner's axe |       |       |       |   340 ||   340
 Fire: Blowgun           |       |       |       |     5 ||     5
Throw: Throwing net      |       |       |     3 |     1 ||     4
Evoke: Box of beasts     |       |       |       |     7 ||     7
       Wand              |       |       |       |    10 ||    10
  Use: Scroll            |     5 |     1 |    14 |     8 ||    28
       Potion            |       |     3 |       |     9 ||    12
 Stab: Held in net/web   |       |       |     1 |     1 ||     2
       Distracted        |       |       |     1 |     1 ||     2
  Eat: Beef jerky        |     1 |       |       |     4 ||     5
       Bread ration      |       |     1 |     1 |       ||     2
       Chunk             |       |       |       |     4 ||     4
       Royal jelly       |       |       |       |     1 ||     1
